 Dungeon Crawl Stone Soup version 0.19-a0-934-gf1df8d1 (webtiles) character file.

1481 George the Carver (level 8, -1/58 HPs)
             Began as a Demonspawn Gladiator on July 7, 2016.
             Was an Initiate of Hepliaklqana.
             Slain by tstbtto's ghost (12 damage)
             ... on level 6 of the Dungeon.
             The game lasted 00:18:27 (6758 turns).

George the Carver (Demonspawn Gladiator)            Turns: 6758, Time: 00:18:27

Health: -1/58      AC: 21    Str: 17    XL:     8   Next: 50%
Magic:  8/8        EV:  8    Int: 10    God:    Hepliaklqana [......]
Gold:   345        SH:  0    Dex: 14    Spells: 0 memorised, 7 levels left

rFire  + . .     SeeInvis .     a - +1 long sword
rCold  . . .     Gourm    .     k - +0 chain mail
rNeg   + . .     Faith    .     (no shield)
rPois  .         Spirit   .     c - +0 helmet
rElec  .         Dismiss  .     E - +2 cloak {MR+}
rCorr  .         Reflect  .     m - +0 pair of gloves
SustAt .         Harm     .     v - +0 pair of boots
MR     +....                    (no amulet)
Stlth  ..........               (no ring)
                                q - ring of positive energy

@: drained, somewhat resistant to hostile enchantments, extremely unstealthy
A: hooves 2, iridescent scales 2, demonic guardian 1, fire resistance 1
a: Recall Ancestor, Ancestor Identity, Renounce Religion


You were on level 6 of the Dungeon.
You worshipped Hepliaklqana.
Hepliaklqana was noncommittal.
You were not hungry.

You visited 2 branches of the dungeon, and saw 7 of its levels.

You collected 345 gold pieces.

Inventory:

Hand Weapons
 a - a +1 long sword (weapon)
 o - a +2 short sword of draining
Missiles
 d - 3 throwing nets (quivered)
Armour
 c - a +0 helmet (worn)
 k - a +0 chain mail (worn)
 m - a +0 pair of gloves (worn)
 v - a +0 pair of boots (worn)
 E - a +2 cloak of magic resistance (worn)
Jewellery
 q - a ring of positive energy (left hand)
Scrolls
 H - 2 scrolls of remove curse
 I - a scroll of enchant weapon
 K - 2 scrolls of magic mapping
 M - 2 scrolls of fear
Potions
 g - 2 potions of curing
 h - 2 potions of flight
 l - 2 potions of brilliance
 n - 4 potions of mutation
 B - 3 potions of magic
 C - a potion of lignification {unknown}
 D - a potion of beneficial mutation {unknown}
 G - a potion of might {unknown}
 O - a potion of resistance {unknown}
 P - a potion of agility {unknown}
Comestibles
 f - 2 bread rations
 i - a meat ration


   Skills:
 + Level 3.3(3.2) Fighting
 + Level 9.3(9.2) Long Blades
 - Level 1.7(1.6) Throwing
 + Level 2.5(2.4) Armour
 - Level 2.6 Dodging
 + Level 1.1 Invocations


You had 7 spell levels left.
You didn't know any spells.

Dungeon Overview and Level Annotations

Branches:
Dungeon (6/15)             Temple (1/1) D:6

Altars:
Ashenzari
Dithmenos
Elyvilon
Fedhas
Gozag
Hepliaklqana
Kikubaaqudgha
Makhleb
Okawaru
Pakellas
Sif Muna
Trog
Uskayaw
Vehumet
Xom
Yredelemnul
Zin
The Shining One

Annotations:
D:6 tstbtto's ghost, novice HEFi


Innate Abilities, Weirdness & Mutations

You have hoof-like feet.
You are mostly covered in iridescent scales. (AC +6)
A weak demonic guardian rushes to your aid.
Your flesh is heat resistant. (rF+)


Message History

Tstbtto's ghost is severely damaged.
Your ufetubus hits the bush but does no damage. x2
Tstbtto's ghost hits you.
* * * LOW HITPOINT WARNING * * *
Your ufetubus hits the bush but does no damage.
Your ufetubus hits the bush.
You hit tstbtto's ghost but do no damage.
Tstbtto's ghost is severely damaged.
Tstbtto's ghost hits you.
* * * LOW HITPOINT WARNING * * *
You hit tstbtto's ghost but do no damage.
Tstbtto's ghost is severely damaged.
Your ufetubus hits the bush but does no damage. x2
Tstbtto's ghost hits you but does no damage.
You hit tstbtto's ghost but do no damage.
Tstbtto's ghost is severely damaged.
Your ufetubus hits the bush but does no damage. x2
Your white imp hits the bush but does no damage.
Tstbtto's ghost hits you!
You die...

#.##.P##......###....
#.#..._#.......#
#.#....P#.####.#
#.'.⌠._#..# .#
###...P#### .. #.P._#
.. ##55## ##P# #@#
#W# ######### #a#
#....)).# #.#
#.#####.# #.#
##.#####)#### #.#
#....5.5a.... #.#
#..#####.####
#.####..#####.#
#.....W.a...§.#


You could see a worker ant, tstbtto's ghost, a friendly white imp and a friendly
ufetubus.

Vanquished Creatures
  The ghost of tstbtto the Carver, a novice HEFi (D:5)
  Sigmund (D:5)
  The ghost of tstbtto the Slasher, an amateur HEFi (D:4)
  Duvessa (D:5)
  Dowan (D:5)
  3 wights (D:6)
  A howler monkey (D:4)
  2 crimson imps
  A giant frog zombie (D:5)
  A centaur zombie (D:6)
  3 hounds
  A jelly (D:5)
  An orc wizard (D:3)
  An orc priest (D:5)
  Crazy Yiuf (D:2)
  A giant frog skeleton (D:4)
  An iguana (D:4)
  A worker ant (D:6)
  A hound skeleton (D:5)
  2 worker ant zombies
  10 adders
  A gnoll (D:3)
  An adder skeleton (D:4)
  3 worms
  A dart slug (D:2)
  2 giant geckos
  18 orcs
  8 bats
  3 giant cockroaches
  6 goblins
  12 hobgoblins
  16 jackals
  3 quokkas
  A ball python skeleton (D:4)
  A ball python zombie (D:3)
  A giant gecko skeleton (D:5)
  2 giant newts (D:1)
  5 kobolds
  7 rats
127 creatures vanquished.

Vanquished Creatures (collateral kills)
  2 scorpions
  An orc (D:4)
3 creatures vanquished.

Vanquished Creatures (others)
  An ancestor (D:6)
1 creature vanquished.

Grand Total: 131 creatures vanquished

Notes
Turn   | Place    | Note
-------+----------+-------------------------------------------
     0 | D:1      | George the Demonspawn Gladiator began the quest for the Orb.
     0 | D:1      | Reached XP level 1. HP: 16/16 MP: 1/1
   296 | D:1      | Reached skill level 3 in Long Blades
   398 | D:1      | Gained mutation: You are partially covered in iridescent scales. (AC +4) [demonic ancestry]
   398 | D:1      | Reached XP level 2. HP: 19/22 MP: 2/2
   692 | D:2      | Reached XP level 3. HP: 19/27 MP: 3/3
   927 | D:2      | Reached skill level 4 in Long Blades
  1124 | D:2      | Gained mutation: A weak demonic guardian rushes to your aid. [demonic ancestry]
  1124 | D:2      | Reached XP level 4. HP: 31/33 MP: 4/4
  1478 | D:2      | Found a runed door.
  1489 | D:2      | Noticed Crazy Yiuf
  1495 | D:2      | Killed Crazy Yiuf
  1824 | D:3      | Found a glowing silver altar of Zin.
  1862 | D:3      | Reached skill level 5 in Long Blades
  2032 | D:3      | Gained mutation: You have large cloven feet. [demonic ancestry]
  2032 | D:3      | Reached XP level 5. HP: 34/38 MP: 5/5
  2797 | D:4      | Reached skill level 6 in Long Blades
  2905 | D:4      | Gained mutation: Your flesh is heat resistant. (rF+) [demonic ancestry]
  2905 | D:4      | Reached XP level 6. HP: 38/44 MP: 6/6
  3065 | D:4      | Noticed tstbtto's ghost (amateur HEFi)
  3080 | D:4      | Killed tstbtto's ghost
  3080 | D:4      | Reached skill level 7 in Long Blades
  3244 | D:4      | Gained mutation: You have hoof-like feet. [demonic ancestry]
  3244 | D:4      | Reached XP level 7. HP: 38/50 MP: 7/7
  3460 | D:5      | Entered Level 5 of the Dungeon
  3677 | D:5      | Noticed Dowan
  3678 | D:5      | Noticed Duvessa
  3696 | D:5      | Killed Dowan
  3724 | D:5      | Killed Duvessa
  3724 | D:5      | Reached skill level 8 in Long Blades
  3969 | D:5      | Noticed tstbtto's ghost (novice HEFi)
  4837 | D:5      | Found a bloodstained altar of Trog.
  4858 | D:5      | Found a blossoming altar of Fedhas.
  5569 | D:5      | Noticed Sigmund
  5587 | D:5      | Killed Sigmund
  5587 | D:5      | Reached skill level 9 in Long Blades
  5587 | D:5      | Gained mutation: You are mostly covered in iridescent scales. (AC +6) [demonic ancestry]
  5587 | D:5      | Reached XP level 8. HP: 55/56 MP: 8/8
  5612 | D:6      | Found a staircase to the Ecumenical Temple.
  5628 | D:6      | Noticed tstbtto's ghost (novice HEFi)
  5834 | D:6      | Reached skill level 1 in Armour
  6268 | D:5      | Killed tstbtto's ghost
  6494 | Temple   | Entered the Ecumenical Temple
  6547 | Temple   | Became a worshipper of Hepliaklqana
  6619 | D:6      | Found a shadowy altar of Dithmenos.
  6628 | D:6      | Found a shattered altar of Ashenzari.
  6628 | D:6      | Found a basalt altar of Yredelemnul.
  6668 | D:6      | Reached skill level 1 in Invocations
  6758 | D:6      | Slain by tstbtto's ghost

Vault maps used:
D:1:      dpeg_arrival_arbitrary_b, hangedman_feature_mirror,
          minmay_statues_item, minmay_misc_feat_room, minmay_misc_feat_diagonals
D:2:      uniq_crazy_yiuf_cottage
D:3:      kennysheep_big_flooded_room, old_standard_altar
D:4:      first_bread
D:5:      old_standard_altar, kennysheep_mini, uniq_duvessa, uniq_sigmund
D:6:      slow_altar_2, gammafunk_temple_overflow_forgotten, uniq_edmund,
          uniq_blork_the_orc
Temple:   nicolae_temple_hex_pool

Skill      XL: |  1  2  3  4  5  6  7  8 |
---------------+-------------------------+-----
Long Blades    | 3 4 5 6 7 9 |  9.3
Armour         | 2 |  2.5
Fighting       | 3 |  3.3
Invocations    | 1 |  1.1
Throwing       | |  1.7
Dodging        | |  2.6

Action                   |  1- 3 |  4- 6 |  7- 9 || total
-------------------------+-------+-------+-------++-------
Melee: Long sword        |   126 |   293 |   316 ||   735
  Use: Scroll            |       |    13 |     3 ||    16
 Stab: Distracted        |       |       |     2 ||     2
  Eat: Chunk             |     1 |     7 |     4 ||    12
       Bread ration      |       |       |     2 ||     2
Armor: Chain mail        |    92 |   212 |   146 ||   450
       Leather armour    |     4 |       |       ||     4
Dodge: Dodged            |    57 |    88 |    73 ||   218
